 Dungeon Crawl Stone Soup version 0.18-a0-1109-gfc003ac (webtiles) character file.

45831 namelastname112 the Carver (level 14, -3/122 HPs)
             Began as a Black Draconian Wizard on Jan 16, 2016.
             Was a High Priest of Zin.
             Slain by a minotaur
             ... wielding a +2 demon trident of draining
              (9 damage)
             ... in a labyrinth.
             The game lasted 00:53:22 (28143 turns).

namelastname112 the Carver (DrWz)                  Turns: 28143, Time: 00:53:22

Health: -3/122     AC: 12    Str: 14    XL:     14   Next: 2%
Magic:  21/22      EV: 18    Int: 23    God:    Zin [*****.]
Gold:   1001       SH:  0    Dex: 22    Spells: 3 memorised, 16 levels left

rFire  . . .     SeeInvis .     C - +8 autumn katana {slice, Clar}
rCold  . . .     Gourm    .     (armour unavailable)
rNeg   . . .     Faith    .     (no shield)
rPois  ∞         Spirit   .     a - +0 hat
rElec  +         Dismiss  .     h - +1 cloak
rCorr  .         Reflect  .     G - +0 pair of gloves
SustAt .         Harm     .     e - +0 pair of boots
MR     +....     Clarity  +     (no amulet)
Stlth  ++++......               Z - ring of poison resistance
                                T - +4 ring of dexterity

@: vitalised, short of breath, flying, heavily drained, somewhat resistant to
hostile enchantments, stealthy
A: breathe lightning, unfitting armour, big wings, electricity resistance,
cold-blooded, AC +8
a: Breathe Lightning, Stop Flying, Recite, Vitalisation, Imprison, Sanctuary,
Donate Gold, Renounce Religion


You were in a labyrinth.
You worshipped Zin.
Zin was extremely pleased with you.
You were not hungry.

You visited 3 branches of the dungeon, and saw 19 of its levels.
You also visited: Labyrinth and Sewer.

You collected 1112 gold pieces.
You donated 111 gold pieces to Zin.

Inventory:

Hand Weapons
 g - a +4 dagger of freezing
 t - a +1 blowgun
 w - a +0 dagger of venom
 C - the +8 autumn katana (weapon) {slice, Clar}
   (You took it off Dowan on level 5 of the Dungeon)

   It inflicts extra damage upon your enemies.
   It protects you against confusion.
Missiles
 u - 40 poisoned needles
Armour
 a - a +0 hat (worn)
 e - a +0 pair of boots (worn)
 h - a +1 cloak (worn)
 G - a +0 pair of gloves (worn)
 P - a +0 shield
Jewellery
 o - an uncursed ring of see invisible
 y - an uncursed ring of flight
 H - an uncursed ring of ice
 M - an uncursed amulet of guardian spirit
 T - a +4 ring of dexterity (left hand)
 Z - a ring of poison resistance (right hand)
Wands
 d - a wand of fire (5/15)
 k - a wand of paralysis (6/24)
 A - a wand of confusion (13/48)
 R - a wand of paralysis (6/24)
Scrolls
 i - 5 scrolls of remove curse
 j - a scroll of magic mapping
 l - 5 scrolls of identify
 m - 3 scrolls of enchant weapon
 n - 4 scrolls of enchant armour
 q - 2 scrolls of fog
 r - 5 scrolls of teleportation
 D - 2 scrolls of vulnerability
 E - 2 scrolls of immolation
 N - a scroll of amnesia
 U - 3 scrolls of recharging
 X - 2 scrolls of blinking
Potions
 f - a potion of invisibility
 p - 4 potions of agility
 s - a potion of brilliance
 v - 2 potions of mutation
 z - 2 potions of flight
 I - 3 potions of resistance
 L - 2 potions of might
 O - a potion of magic
 Q - a potion of cancellation
 W - a potion of heal wounds
 Y - 3 potions of curing
Books
 b - a book of Minor Magic

   Spells                             Type                      Level
   a - Magic Dart                     Conjuration                  1
   b - Blink                          Translocation                2
   c - Call Imp                       Summoning                    2
   d - Repel Missiles                 Charms/Air                   2
   e - Slow                           Hexes                        2
   f - Conjure Flame                  Conjuration/Fire             3
   g - Mephitic Cloud                 Conjuration/Poison/Air       3
 x - a book of the Warp

   Spells                             Type                      Level
   a - Recall                         Summoning/Translocation      3
   b - Gell's Gravitas                Hexes/Translocation          3
   c - Force Lance                    Conjuration/Translocation    4
   d - Phase Shift                    Translocation                5
   e - Warp Weapon                    Charms/Translocation         5
   f - Summon Forest                  Summoning/Translocation      5
 K - a Grand Grimoire

   Spells                             Type                      Level
   a - Monstrous Menagerie            Summoning                    7
   b - Summon Greater Demon           Summoning                    7
   c - Malign Gateway                 Summoning/Translocation      7
   d - Summon Horrible Things         Summoning                    8
   Zin disapproves of the use of such an item.
Miscellaneous
 F - a plain deck of war {drawn: 2}
Comestibles
 c - 14 bread rations
 B - 4 beef jerkies
 J - 6 royal jellies
 S - 4 meat rations


   Skills:
 * Level 10.3(8.2) Fighting
 - Level 5.6(7.4) Short Blades
 - Level 11.5(9.9) Long Blades
 + Level 8.8(6.8) Dodging
 + Level 10.1(8.1) Stealth
 + Level 2.5(0.8) Shields
 - Level 1.3(0.0) Unarmed Combat
 + Level 5.6(3.8) Spellcasting
 - Level 1.0(0.0) Conjurations
   Level 1.0(0.0) Summonings
 + Level 5.6(3.7) Translocations
 + Level 11.2(9.1) Invocations


You had 16 spell levels left.
You knew the following spells:

 Your Spells              Type           Power        Failure   Level  Hunger
a - Blink                 Tloc           N/A          3%          2    #......
b - Phase Shift           Tloc           ###.......   71%         5    ######.
z - Magic Dart            Conj           #...         14%         1    None


Dungeon Overview and Level Annotations

Branches:
Dungeon (10/15)            Temple (1/1) D:6            Lair (8/8) D:9
  Swamp (0/4) Lair:5        Snake (0/4) Lair:5        Slime (0/6) Lair:7
    Orc (0/2) D:10

Altars:
Ashenzari
Cheibriados
Dithmenos
Elyvilon
Fedhas
Gozag
Kikubaaqudgha
Makhleb
Nemelex Xobeh
Okawaru
Pakellas
Qazlal
Ru
Sif Muna
Trog
Vehumet
Xom
Yredelemnul
Zin
The Shining One
Beogh
Jiyva

Shops:
D:3 }   D:6 =   D:7 *

Portals:
Trove: D:10 (show slimy rune of Zot)

Annotations:
D:4 yogakurto's ghost, amateur DrAs
Lair:1 Sonja; root's ghost, novice DrFE
Lair:6 2 exclusions


Innate Abilities, Weirdness & Mutations

You can breathe wild blasts of lightning.
Your glossy black scales are hard (AC +8).
Your body does not fit into most forms of armour.
Your large and strong wings let you fly indefinitely.
You are resistant to electric shocks.
You are cold-blooded and may be slowed by cold attacks.


Message History

The minotaur is severely wounded. "...Zin, and all was good, for they knew that the..."
The minotaur hits you with a demon trident of draining!
You feel drained. The minotaur gores you.
You barely miss the minotaur.
The minotaur is heavily wounded.
You closely miss the minotaur.
The minotaur furiously retaliates!
The minotaur headbutts you!
The minotaur is heavily wounded. "...guilty would trouble them no longer."
You finish reciting Ablutions 13:45.
The minotaur hits you with a demon trident of draining!!
* * * LOW HITPOINT WARNING * * *
You feel drained.
* * * LOW HITPOINT WARNING * * *
The minotaur completely misses you.
The minotaur hits you from afar with a demon trident of draining!!
* * * LOW HITPOINT WARNING * * *
You feel drained.
You die...

..#. .#.#... . #
. #.# #.#####.#
### . #. ...#..
. # # .#.## #
### #... .... .
#.#.. # # .
........# #...
#########..# #
#.
#..#8|8[8.8#..#
..
..#<....H.@..# #
## #8}8:8.8#..#
....#########..#
# ##.... ....
..## . ...
......#...# #
#### ## ###.#.#
...# . #.. #.###
######## .


You could see a minotaur.

Vanquished Creatures
  Snorg (Lair:5)
  5 hydras
  Erica (Lair:1)
  9 death yaks
  A queen ant (Lair:4)
  3 hill giants (D:10)
  2 griffons
  A deep elf mage (D:9)
  17 elephants
  An ugly thing (D:10)
  6 black mambas
  A torpor snail (Lair:5)
  9 spiny frogs
  6 komodo dragons
  A queen bee (D:10)
  A troll (D:9)
  A two-headed ogre (D:8)
  Prince Ribbit (D:6)
  4 blink frogs (Lair:7)
  2 wyverns
  17 yaks
  Sigmund (D:6)
  3 basilisks
  A human (shapeshifter) (D:9)
  A fire elemental (Lair:5)
  9 hippogriffs
  A steam dragon (D:8)
  8 wolves
  Menkaure (D:5)
  Edmund (D:4)
  4 nagas (Lair:5)
  6 soldier ants
  Duvessa (D:5)
  12 porcupines
  6 water moccasins
  A swamp drake (D:10)
  3 sky beasts
  9 orc warriors
  2 wasps
  2 phantoms
  2 black bears
  2 ice beasts
  6 necrophages
  3 centaurs
  12 crocodiles
  6 ogres
  4 big kobolds
  11 giant frogs
  A wyvern zombie (D:10)
  Dowan (D:5)
  2 scorpions
  25 killer bees
  3 wights (D:10)
  4 crimson imps
  3 giant frog zombies
  A lava snake (Lair:6)
  4 jellies
  A centaur zombie (D:10)
  A centaur skeleton (D:10)
  7 hounds
  8 orc priests
  2 giant frog skeletons
  Crazy Yiuf (D:5)
  Jessica (D:3)
  6 iguanas
  9 orc wizards
  2 hell rats (D:9)
  14 worker ants
  17 sheep
  2 hound zombies
  A hound skeleton (D:8)
  A worker ant zombie (D:10)
  7 gnolls
  13 adders
  50 river rats
  3 shadow imps
  4 oozes
  An adder zombie (D:9)
  An adder skeleton (D:6)
  9 worms
  5 giant geckos
  66 orcs
  3 ball pythons
  9 giant cockroaches
  5 goblins
  5 hobgoblins
  8 jackals
  30 kobolds
  6 quokkas
  10 bats
  3 giant newts
  14 rats
577 creatures vanquished.

Vanquished Creatures (others)
  52 fungi
  22 plants
74 creatures vanquished.

Grand Total: 651 creatures vanquished

Notes
Turn   | Place    | Note
--------------------------------------------------------------
     0 | D:1      | namelastname112 the Draconian Wizard began the quest for the Orb.
     0 | D:1      | Reached XP level 1. HP: 14/14 MP: 4/4
   544 | D:1      | Reached skill level 1 in Unarmed Combat
   648 | D:1      | Reached XP level 2. HP: 20/20 MP: 4/6
   793 | D:1      | Reached skill level 1 in Short Blades
  1144 | D:2      | Reached XP level 3. HP: 18/26 MP: 7/7
  1360 | D:2      | Found a basalt altar of Yredelemnul.
  1769 | D:3      | Noticed Jessica
  1779 | D:3      | Killed Jessica
  1779 | D:3      | Reached XP level 4. HP: 33/33 MP: 8/8
  2064 | D:3      | Found a glowing silver altar of Zin.
  2081 | D:3      | Became a worshipper of Zin the Law-Giver
  2081 | D:3      | Reached * piety under Zin
  2138 | D:3      | Found a glowing drain.
  2146 | Sewer    | Entered a sewer
  2665 | Sewer    | Noticed a big kobold
  2940 | Sewer    | Reached XP level 5. HP: 38/38 MP: 9/9
  3091 | Sewer    | Reached skill level 4 in Stealth
  3091 | Sewer    | Reached skill level 1 in Invocations
  4052 | D:3      | Found an oddly glowing altar of Pakellas.
  4052 | D:3      | Found Pakellas's Prime Provisions.
  4137 | D:4      | Reached XP level 6. HP: 33/45 MP: 10/10
  4464 | D:4      | Noticed Edmund
  4604 | D:4      | Found a deep blue altar of Sif Muna.
  4823 | D:4      | Noticed yogakurto's ghost (amateur DrAs)
  4869 | D:4      | Killed Edmund
  5052 | D:4      | Found a burning altar of Makhleb.
  5193 | D:4      | Reached XP level 7. HP: 50/50 MP: 11/11
  5193 | D:4      | Your scales start taking on a glossy black colour.
  5193 | D:4      | Gained mutation: You are resistant to electric shocks. [Black Draconian growth]
  5233 | D:4      | Reached skill level 5 in Stealth
  5405 | D:5      | Entered Level 5 of the Dungeon
  5439 | D:5      | Noticed Duvessa
  5439 | D:5      | Noticed Dowan
  5819 | D:5      | Killed Duvessa
  5911 | D:5      | Zin protects you from harm!
  5913 | D:5      | Reached skill level 5 in Short Blades
  6434 | D:5      | Reached XP level 8. HP: 42/57 MP: 12/12
  6828 | D:5      | Reached skill level 6 in Stealth
  6828 | D:5      | Reached skill level 5 in Invocations
  6868 | D:5      | Reached ** piety under Zin
  7009 | D:5      | Killed Dowan
  7172 | D:5      | Noticed Menkaure
  7177 | D:5      | Killed Menkaure
  7177 | D:5      | Reached skill level 1 in Long Blades
  7706 | D:5      | Noticed Crazy Yiuf
  7713 | D:5      | Killed Crazy Yiuf
  7814 | D:6      | Noticed Sigmund
  7821 | D:6      | Killed Sigmund
  7827 | D:6      | Reached skill level 7 in Stealth
  7879 | D:6      | Found a blossoming altar of Fedhas.
  7883 | D:6      | Found a shadowy altar of Dithmenos.
  7885 | D:6      | Found a sacrificial altar of Ru.
  7915 | D:6      | Found Juck's Jewellery Shoppe.
  7994 | D:6      | Noticed Prince Ribbit
  7995 | D:6      | Found a staircase to the Ecumenical Temple.
  8086 | D:6      | Paralysed by an orc for 4 turns
  8091 | D:6      | Paralysed by an orc for 4 turns
  8096 | D:6      | Paralysed by an orc for 4 turns
  8110 | D:6      | Reached XP level 9. HP: 60/62 MP: 13/13
  8762 | D:6      | Killed Prince Ribbit
  8945 | Temple   | Entered the Ecumenical Temple
  8983 | D:7      | Reached *** piety under Zin
  9942 | D:7      | Reached skill level 5 in Long Blades
 10149 | D:7      | Reached skill level 1 in Fighting
 10180 | D:7      | Found Asinaso's General Store.
 10518 | D:8      | Reached skill level 8 in Stealth
 10881 | D:8      | Found an iron altar of Okawaru.
 11478 | D:9      | Found a roughly hewn altar of Beogh.
 11510 | D:8      | Reached XP level 10. HP: 45/74 MP: 15/15
 11892 | D:9      | Found a staircase to the Lair.
 12484 | D:9      | Reached **** piety under Zin
 13152 | D:9      | Noticed a deep elf mage
 13166 | D:9      | Killed a deep elf mage
 13620 | D:10     | Entered Level 10 of the Dungeon
 14634 | D:10     | Found a staircase to the Orcish Mines.
 14639 | D:10     | Noticed a hill giant
 14726 | D:10     | Killed a hill giant
 14726 | D:10     | Reached skill level 9 in Stealth
 14939 | D:10     | Reached XP level 11. HP: 85/85 MP: 17/17
 15054 | D:10     | Reached ***** piety under Zin
 15601 | D:10     | Reached skill level 5 in Fighting
 15735 | D:10     | Found a portal to a secret trove of treasure.
 15777 | D:10     | Noticed a white ugly thing
 15796 | D:10     | Killed a white ugly thing
 16022 | D:10     | Noticed a hill giant
 16037 | D:10     | Killed a hill giant
 16067 | D:10     | Noticed a hill giant
 16086 | D:10     | Noticed a hill giant
 16096 | D:10     | Killed a hill giant
 16598 | Lair:1   | Entered Level 1 of the Lair of Beasts
 16663 | Lair:1   | Noticed Erica
 16673 | Lair:1   | Killed Erica
 16673 | Lair:1   | Reached skill level 5 in Dodging
 16702 | Lair:1   | Noticed root's ghost (novice DrFE)
 16757 | Lair:1   | Noticed Sonja
 17178 | Lair:1   | Noticed a six-headed hydra
 18416 | Lair:2   | Learned a level 2 spell: Blink
 18762 | Lair:2   | Noticed a griffon
 19172 | Lair:2   | Killed a griffon
 19172 | Lair:2   | Reached XP level 12. HP: 59/97 MP: 19/19
 19181 | Lair:2   | Reached skill level 10 in Long Blades
 19672 | Lair:2   | Reached skill level 10 in Invocations
 20577 | Lair:3   | Noticed a five-headed hydra
 20793 | Lair:3   | Killed a five-headed hydra
 21730 | Lair:4   | Noticed a queen ant
 21746 | Lair:4   | Killed a queen ant
 22103 | Lair:4   | Reached skill level 11 in Long Blades
 22295 | Lair:4   | Noticed an eight-headed hydra
 22303 | Lair:4   | Killed an eight-headed hydra
 22329 | Lair:4   | Reached XP level 13. HP: 102/108 MP: 18/20
 22403 | Lair:4   | Found an iron altar of Okawaru.
 22737 | Lair:5   | Found a staircase to the Swamp.
 22930 | Lair:5   | Learned a level 5 spell: Phase Shift
 22964 | Lair:5   | Found a staircase to the Snake Pit.
 23270 | Lair:5   | Noticed Snorg
 23292 | Lair:5   | Killed Snorg
 24190 | Lair:5   | Reached skill level 5 in Spellcasting
 25396 | Lair:6   | Reached skill level 1 in Shields
 26093 | Lair:7   | Reached skill level 5 in Translocations
 26172 | Lair:7   | Reached skill level 10 in Stealth
 26513 | Lair:7   | Found a staircase to the Slime Pits.
 26513 | Lair:7   | Found a viscous altar of Jiyva.
 26572 | Lair:7   | Reached skill level 10 in Fighting
 27244 | Lair:7   | Gained mutation: Your large and strong wings let you fly indefinitely. [Black Draconian growth]
 27244 | Lair:7   | Reached XP level 14. HP: 97/121 MP: 22/22
 27855 | Lair:8   | Entered Level 8 of the Lair of Beasts
 27864 | Lair:8   | Found a labyrinth entrance.
 27873 | Lab      | Entered a labyrinth
 28143 | Lab      | HP: 6/122 [minotaur/demon trident of draining (23)]
 28143 | Lab      | Slain by a minotaur

Vault maps used:
D:1:      nagdon_arrival_double_spiral, minmay_rat_gold_closets
D:2:      kennysheep_big_flooded_room, yredelemnul_altar_generic, first_bread
D:3:      zin_treasury, lightli_sewer_entry_pipes, johnstein_pakellas_shop,
          uniq_jessica
D:4:      led_sif_pool, lemuel_crystal_altar, uniq_edmund
D:5:      uniq_crazy_yiuf_cottage, uniq_menkaure, uniq_duvessa
D:6:      minitemple, minmay_temple_entry_trees, serial_shops,
          nicolae_shop_statue_plus, uniq_sigmund, uniq_prince_ribbit1
D:7:      serial_shops, shop
D:8:      marbit_many_paths, feat_on_display
D:9:      dpeg_lair_monsters, david_nohive_1
D:10:     erik_orc_1, nicolae_trove_entry_diagonal
Temple:   temple_eino_lava_12
Lair:1:   basic_altar, worms_lemuel, lemuel_fruit_fields, lemuel_fruit_fields,
          infiniplex_staircase_pool, uniq_erica, uniq_sonja
Lair:2:   mu_elephants_graveyard
Lair:4:   basic_altar, wad_woods_antlair
Lair:5:   swamp_mist, minmay_snake_entry_guardpost_small, roderic_carrion_pond,
          grunt_megastairs_1, serial_bayou_shore_b, uniq_snorg
Lair:6:   cheibrodos_magma_flow, guppyfry_lair_drakes
Lair:7:   slime_altar_1, hibernation_bobbens, serial_bayou_shore_b
Lair:8:   guppyfry_lair_end_dragon, lab_entry_generic, uniq_nessos
Lab:      nicolae_lab_dead_adventurers
Sewer:    sewer_co_15_rooms

Action                   |  1- 3 |  4- 6 |  7- 9 | 10-12 | 13-15 || total
-------------------------+-------+-------+-------+-------+-------++-------
Melee: Dagger            |    94 |   239 |   116 |    47 |    49 ||   545
       Unarmed           |     7 |       |       |       |       ||     7
       Katana            |       |       |   222 |   787 |   400 ||  1409
Throw: Throwing net      |       |       |       |     3 |       ||     3
 Cast: Magic Dart        |    10 |       |       |       |       ||    10
Invok: Recite            |       |     1 |     3 |    18 |     4 ||    26
       Vitalisation      |       |       |       |    10 |     8 ||    18
       Imprison          |       |       |       |     1 |       ||     1
 Abil: Breathe Lightning |       |       |     4 |     4 |       ||     8
       Fly               |       |       |       |       |     1 ||     1
Evoke: Wand              |       |       |     1 |     9 |       ||    10
       Deck              |       |       |       |     2 |       ||     2
  Use: Potion            |       |     3 |     3 |     2 |       ||     8
       Scroll            |       |       |    12 |    14 |     5 ||    31
 Stab: Sleeping          |     6 |     5 |    12 |    18 |    13 ||    54
       Invisible         |       |       |     1 |     8 |       ||     9
       Distracted        |       |       |       |     5 |     1 ||     6
       Confused          |       |       |       |     2 |     2 ||     4
  Eat: Chunk             |     2 |    11 |       |    18 |     5 ||    36
       Fruit             |       |     1 |       |       |       ||     1
       Bread ration      |       |       |     2 |     1 |       ||     3
       Beef jerky        |       |       |     1 |     1 |       ||     2
       Meat ration       |       |       |     2 |     1 |     3 ||     6
       Royal jelly       |       |       |       |     2 |       ||     2
       Pizza             |       |       |       |     1 |       ||     1
